 Dungeon Crawl Stone Soup version 0.28.0-43-g3370ac3207 (webtiles) character file.

Game seed: 16165742520179012461

77 pkoi the Charlatan (level 3, 0/27 HPs)
             Began as a Demigod Artificer on Mar 31, 2022.
             Slain by an adder (2 damage)
             ... on level 2 of the Dungeon.
             The game lasted 00:02:12 (2605 turns).

pkoi the Charlatan (Demigod Artificer)              Turns: 2605, Time: 00:02:12

Health: 0/27       AC:  3    Str: 17    XL:     3   Next: 91%
Magic:  5/5        EV: 11    Int: 13    God:
Gold:   36         SH:  0    Dex: 14    Spells: 2/2 levels left

rFire   . . .      SeeInvis +   g - +0 whip (elec)
rCold   . . .      Faith    .   (no shield)
rNeg    . . .      Spirit   .   b - +0 leather armour
rPois   .          Reflect  .   (no helmet)
rElec   .          Harm     .   (no cloak)
rCorr   .          Rampage  .   (no gloves)
Will    .....                   (no boots)
Stlth   +.........              (no amulet)
HPRegen 0.09/turn               l - ring of see invisible
MPRegen 0.09/turn               (no ring)

@: no status effects
A: high MP 1, forlorn, divine attributes
a: no special abilities


You were on level 2 of the Dungeon.
You visited 1 branch of the dungeon, and saw 2 of its levels.

You collected 36 gold pieces.

Inventory:

Hand Weapons
 a - a +0 club
 g - a +0 whip of electrocution (weapon)
Missiles
 f - a throwing net
Armour
 b - a +0 leather armour (worn)
Jewellery
 k - a ring of ice
 l - a ring of see invisible (left hand)
Wands
 c - a wand of flame (13) (quivered)
 d - a wand of charming (15)
Scrolls
 i - 3 scrolls of identify
 j - a scroll of fog
 m - a scroll of magic mapping {unknown}
Potions
 h - a potion of haste
Miscellaneous
 e - a piece from Xom's chessboard (15/15)


   Skills:
 - Level 0.8 Fighting
 - Level 1.7 Armour
 - Level 0.8 Dodging
 - Level 0.8 Stealth
 + Level 1.7 Unarmed Combat
 * Level 4.0 Evocations


You had 2 spell levels left.
You didn't know any spells.
Your spell library contained the following spells:

 Spells                   Type           Power      Damage    Failure   Level
 Ensorcelled Hibernation  Hex/Ice        0%         N/A       50%         2
 Spider Form              Tmut/Pois      0%         N/A       73%         3
 Anguish                  Hex/Necr       0%         N/A       98%         4


Dungeon Overview and Level Annotations

Branches:
Dungeon (2/15)


Innate Abilities, Weirdness & Mutations

You have an increased reservoir of magic. (+10% MP)
You shall have no god before yourself.
Your divine heritage dramatically boosts your attributes as you level up.


Message History

You barely miss the adder. The adder bites you but does no damage.
The adder closely misses you.
You hit the adder but do no damage. The adder bites you.
You closely miss the adder. The adder misses you.
You barely miss the adder. The adder bites you but does no damage.
The adder bites you.
You are poisoned.
The adder poisons you!
You are too injured to fight recklessly!
You are too injured to fight recklessly!
You are too injured to fight recklessly!
You are too injured to fight recklessly!
You are too injured to fight recklessly!
You closely miss the adder.
You feel sick. The adder bites you.
* * * LOW HITPOINT WARNING * * *
You closely miss the adder.
You feel sick. The adder bites you.
* * * LOW HITPOINT WARNING * * *
You are more poisoned.
The adder poisons you! The adder closely misses you.
You closely miss the adder.
You feel sick. The adder bites you.
* * * LOW HITPOINT WARNING * * *
You closely miss the adder.
You feel sick. The adder bites you but does no damage.
You barely miss the adder.
You feel sick. The adder barely misses you. The adder bites you.
* * * LOW HITPOINT WARNING * * *
You closely miss the adder.
You feel sick. The adder barely misses you.
You closely miss the adder.
* * * LOW HITPOINT WARNING * * *
You feel sick. The adder bites you but does no damage.
The adder closely misses you.
You hit the adder.
The adder is lightly wounded.
You feel sick. The adder barely misses you.
You hit the adder but do no damage.
The adder is lightly wounded.
You feel sick.
You are no longer poisoned.
The adder closely misses you. The adder bites you.
You die...

#######
#....).
#.##### #(#
### #.#
#########.#
#.#
#....S@...#
#.#
#.#######.#
#.#
#.#######.#
#.........#
###########


You could see an adder.

Vanquished Creatures
  Jessica (D:2)
  A gnoll (D:2)
  An adder (D:2)
  4 ball pythons (D:1)
  2 endoplasms
  2 giant cockroaches (D:1)
  6 goblins
  A kobold (D:2)
  3 quokkas
  6 bats
  3 frilled lizards
  A rat (D:1)
31 creatures vanquished.

Notes
Turn   | Place    | Note
-------+----------+-------------------------------------------
     0 | D:1      | pkoi the Demigod Artificer began the quest for the Orb.
     0 | D:1      | Reached XP level 1. HP: 15/15 MP: 3/3
   325 | D:1      | Reached skill level 3 in Evocations
   755 | D:1      | Reached XP level 2. HP: 22/22 MP: 4/4
  1349 | D:1      | Reached skill level 1 in Unarmed Combat
  1690 | D:2      | Noticed Jessica
  1692 | D:2      | Killed Jessica
  1693 | D:2      | Reached XP level 3. HP: 27/27 MP: 5/5
  2017 | D:2      | Reached skill level 4 in Evocations
  2059 | D:2      | HP: 1/27 [gnoll/+0 whip (6)]
  2605 | D:2      | Slain by an adder

Illustrated notes

Levels and vault maps discovered:
D:1:      roderic_chinese_lattice_arrival, layout_basic, serial_corexii_hall,
          chequers_hall_statues_corner_a, corexii_hall_statues_l,
          shapermc_ecumenical_altar_starsandcircs
D:2:      layout_basic, uniq_jessica

Skill      XL: |  1  2  3 |
---------------+----------+-----
Evocations     | 3 4 |  4.0
Unarmed Combat | 1 |  1.7
Fighting       | |  0.8
Armour         | |  1.7
Dodging        | |  0.8
Stealth        | |  0.8

Action                   || total
-------------------------++-------
Melee: Club              ||    54
       Whip              ||    70
Evoke: Wand              ||     2
  Use: Scroll            ||     4
       Potion            ||     2
 Stab: Sleeping          ||     3
Armor: Leather armour    ||    34
Dodge: Dodged            ||   101
